 Dungeon Crawl Stone Soup version 0.32-a0-996-gb3226c233f (webtiles) character file.

Game seed: 6445720170678465411

102944 Bediveer the Thaumaturge (level 15, 0/78 HPs)
             Began as a Felid Conjurer on Apr 22, 2024.
             Was a High Priest of Vehumet.
             Shot with an arrow by a centaur warrior (12 damage)
             ... on level 15 of the Dungeon on Apr 23, 2024.
             The game lasted 01:41:57 (31445 turns).

Bediveer the Thaumaturge (Felid Conjurer)          Turns: 31445, Time: 01:41:59

Health: 0/78       AC:  5    Str:  2    XL:     15   Next: 87%
Magic:  6/42       EV: 40    Int: 27    God:    Vehumet [*****.]
Gold:   396        SH:  0    Dex: 20    Spells: 2/40 levels left
                                        Lives:  0   Deaths: 5

rFire   . . .        (weapon unavailable)
rCold   + . .        (shield unavailable)
rNeg    . . .        (body armour unavailable)
rPois   .            (helmet unavailable)
rElec   .            (cloak unavailable)
rCorr   .            (gloves unavailable)
SInv    +            (boots unavailable)
Will    ++...        o - amulet of the acrobat
Stlth   ++           K - ring of wizardry
HPRegen 0.33/turn    n - ring of magical power
MPRegen 0.28/turn

%: acrobat, wizardry (x1)
@: about to teleport, acrobatic
A: very small, claws 1, fangs 3, see invisible, shaggy fur 3, stealthy paws, no
weapons or thrown items, no armour, multi-lived, iridescent scales 1, agile 1
a: Renounce Religion


You were on level 15 of the Dungeon.
You worshipped Vehumet.
Vehumet was extremely pleased with you.
You visited 4 branches of the dungeon, and saw 23 of its levels.
You also visited: Bailey and Gauntlet.

You collected 2113 gold pieces.
You spent 1717 gold pieces at shops.

Inventory:

Jewellery
 d - a ring of positive energy
 l - a ring of positive energy
 n - a ring of magical power (right paw)
 o - an amulet of the acrobat (around neck)
 y - a ring of poison resistance
 F - an amulet of faith
 I - a ring of ice
 K - a ring of wizardry (left paw)
 L - a ring of willpower
Wands
 a - a wand of flame (47)
 p - a wand of polymorph (12)
 u - a wand of iceblast (19)
 A - a wand of acid (2)
 D - a wand of charming (7)
Scrolls
 g - 3 scrolls of immolation
 h - 2 scrolls of poison
 j - 3 scrolls of teleportation
 s - 3 scrolls of noise
 t - a scroll of enchant armour
 w - 5 scrolls of fog
 x - 3 scrolls of vulnerability
 z - a scroll of silence
 B - 4 scrolls of identify
 C - 2 scrolls of blinking
Potions
 b - 2 potions of mutation
 c - a potion of ambrosia
 e - 7 potions of attraction
 f - 4 potions of enlightenment
 i - 3 potions of lignification
 k - 11 potions of curing
 m - 4 potions of haste
 q - 5 potions of brilliance
 r - a potion of might
 v - 7 potions of heal wounds
Miscellaneous
 E - a Gell's gravitambourine (2/2)
 G - a lightning rod (4/4)
 H - a phantom mirror
 J - a sack of spiders


   Skills:
 + Level 8.5 Fighting
 + Level 10.7 Dodging
 - Level 2.6 Stealth
 + Level 13.2 Spellcasting
 * Level 12.3 Conjurations
 - Level 5.0 Translocations
 - Level 10.0 Ice Magic
 - Level 4.0 Air Magic
 - Level 10.0 Earth Magic
 * Level 8.9 Alchemy
 + Level 3.1 Evocations


You had 2 spell levels left.
You knew the following spells:

 Your Spells              Type           Power      Damage    Failure   Level
a - Bombard               Conj/Erth      33%        9d6       1%          6
b - Permafrost Eruption   Ice/Erth       32%        2x4d8     1%          6
c - Fulminant Prism       Conj/Alch      33%        3d15      1%          4
d - Iskenderun's Mystic   Conj/Tloc      59%        2d12      (+2d61%     4
e - Freezing Cloud        Conj/Ice/Air   30%        6-21      1%          5
f - Fulsome Fusillade     Conj/Alch      33%        (3-5)d11  24%         8
g - Frozen Ramparts       Ice            100%       1d16      1%          3
h - Searing Ray           Conj           100%       2d8       0%          2

Your spell library contained the following spells:

 Spells                   Type           Power      Damage    Failure   Level
 Eringya's Noxious Bog    Alch           30%        4d6       1%          6
 Magic Dart               Conj           100%       1d8       0%          1
 Apportation              Tloc           88%        N/A       1%          1
 Freeze                   Ice            100%       1d10      1%          1
 Necrotise                Necr           68%        1d7       1%          1
 Sandblast                Erth           100%       2d20      1%          1
 Sting                    Conj/Alch      100%       1d9       1%          1
 Summon Small Mammal      Summ           68%        N/A       1%          1
 Jinxbite                 Hex            34%        N/A       1%          2
 Hailstorm                Conj/Ice       67%        3d12      1%          3
 Summon Ice Beast         Ice/Summ       44%        N/A       1%          3
 Brom's Barrelling Bould  Conj/Erth      67%        2d8       1%          4
 Petrify                  Alch/Erth      62%        N/A       1%          4
 Vhi's Electric Charge    Tloc/Air       84%        N/A       1%          4
 Irradiate                Conj/Alch      33%        3d22      1%          5
 Lee's Rapid Deconstruct  Erth           32%        3d16*     1%          5
 Yara's Violent Unravell  Hex/Alch       21%        3d10      1%          5
 Tukima's Dance           Hex            17%        N/A       4%          3
 Sculpt Simulacrum        Ice/Alch       31%        N/A       4%          6
 Magnavolt                Erth/Air       27%        3d15      14%         7
 Rimeblight               Ice/Necr       22%        2d5       (prima77%   7
 Maxwell's Capacitive Co  Air            19%        ∞         94%         8
 Enfeeble                 Hex            8%         N/A       100%        7
 Animate Armour           Summ/Erth      Unusable   N/A       N/A         4
 Dimensional Bullseye     Hex/Tloc       Unusable   N/A       N/A         4

Dungeon Overview and Level Annotations

Branches:
Dungeon (15/15)            Temple (1/1) D:5            Lair (5/5) D:11
 Shoals (0/4) Lair:3        Snake (0/4) Lair:3        Slime (0/5) Lair:4
    Orc (2/2) D:11            Elf (0/3) Orc:2        Vaults (0/5) D:14
 Bailey (visited)         Gauntlet (visited)
 Depths: D:15

Altars:
Ashenzari
Cheibriados
Dithmenos
Elyvilon
Fedhas
Gozag
Hepliaklqana
Kikubaaqudgha
Makhleb
Nemelex Xobeh
Okawaru
Qazlal
Ru
Sif Muna
Trog
Uskayaw
Vehumet
Wu Jian
Xom
Yredelemnul
Zin
The Shining One
Jiyva
Lugonu

Shops:
D:1 :   D:2 *   D:3 [   D:12 (   Orc:1 ?   Orc:2 [[:***

Portals:
Abyss: Lair:5

Annotations:
D:8 3 runed translucent doors, Bediveer's ghost, novice GrCj
D:15 Roxanne
Lair:5 3 runed translucent doors, jasper's ghost, journeyman DsBe


Innate Abilities, Weirdness & Mutations

You have sharp claws.
You have razor-sharp teeth.
You have supernaturally acute eyesight. (SInv)
Your thick and shaggy fur keeps you warm. (AC +3, rC+)
Your paws help you pounce on unaware monsters.
You are incapable of wielding weapons or throwing items.
You cannot wear armour.
You gain extra lives every three experience levels.
You are partially covered in iridescent scales. (AC +2)
You are agile. (Dex +4, Str/Int -1)


Message History

Aim: Roxanne (moderately damaged, 100% to hit)
The iron shot hits Roxanne!
Roxanne is heavily damaged.
Flasks of reagents rain from above!
The noxious sulfur engulfs Roxanne.
Roxanne partially resists.
Roxanne is heavily damaged.
The frigid brine engulfs the centaur warrior!!
The centaur warrior is heavily wounded.
Your rain of reagents ends.
The centaur warrior shoots an arrow.
The arrow misses you.
The centaur warrior shoots an arrow.
The arrow misses you.
Casting: Bombard (dangerous; 1% risk of failure)
Confirm with . or Enter, or press ? or * to list all spells.
Aiming: Bombard (dangerous; 1% risk of failure)
Press: ? - help, Shift-Dir - straight line, f/p - Roxanne
Aim: Roxanne (heavily damaged, 100% to hit)
The iron shot hits Roxanne!!
Roxanne is heavily damaged.
The centaur warrior shoots an arrow.
The arrow completely misses you.
Casting: Bombard (dangerous; 1% risk of failure)
Confirm with . or Enter, or press ? or * to list all spells.
Aiming: Bombard (dangerous; 1% risk of failure)
Press: ? - help, Shift-Dir - straight line, f/p - Roxanne
Aim: Roxanne (heavily damaged, 100% to hit)
The iron shot hits Roxanne!!
Roxanne is severely damaged.
Casting: Bombard (dangerous; 1% risk of failure)
Confirm with . or Enter, or press ? or * to list all spells.
You don't have enough magic to cast this spell.
Unknown command.
As you read the scroll of teleportation, it crumbles to dust.
You feel strangely unstable.
The centaur warrior shoots an arrow.
The arrow hits you!
* * * LOW HITPOINT WARNING * * *
The centaur warrior shoots an arrow.
The arrow completely misses you.
The centaur warrior shoots an arrow.
The arrow closely misses you.
Roxanne casts a spell.
The bolt of magma misses you.
The centaur warrior shoots an arrow.
The arrow hits you!
You die...

..................#
##............#.....
#..........####...##
#.....).....# ....
### #....)....##$.
.#
#..####.............
#
#.....#.........##..
#.#...........##...#
...#......@...###.##
..........##..# ..#
...........###.....#
.##.......?# .....#
#.I.......... .
#.....c......
##............
#####........
###....##


You could see Roxanne and a centaur warrior.

Vanquished Creatures
  Gastronok (Lair:2)
  A minotaur (Gauntlet)
  Azrael (D:14)
  Snorg (Orc:2)
  Fannar (Lair:3)
  Harold (Orc:1)
  4 vault guards (D:14)
  3 ogre magi
  A catoblepas (Lair:4)
  2 centaur warriors
  2 hydras (Lair:4)
  23 death yaks
  10 two-headed ogres
  4 boulder beetles
  A tengu warrior (D:14)
  3 thrashing horrors (Lair:5)
  Sonja (Lair:2)
  2 deep elf knights (D:14)
  4 skysharks
  5 skeletal warriors (D:12)
  2 deep trolls (Orc:2)
  An arcanist (D:15)
  A deep elf pyromancer (D:14)
  3 orc knights
  A lindwurm (Lair:4)
  7 ugly things
  A shining eye (Gauntlet)
  4 cyclopes
  A salamander (shapeshifter) (Lair:5)
  11 elephants
  2 torpor snails
  5 black mambas
  A smoke demon (Lair:5)
  A manticore (D:13)
  12 cane toads
  2 gargoyles
  2 rime drakes
  A kobold demonologist (D:13)
  A freezing wraith (D:9)
  An efreet (D:15)
  2 tengu conjurers (D:14)
  7 komodo dragons
  10 trolls
  A polar bear (shapeshifter) (Lair:5)
  A polar bear (Lair:5)
  A raiju (Lair:5)
  2 hornets
  A glass eye (Gauntlet)
  28 blink frogs
  17 dream sheep
  A spriggan (Lair:5)
  A shadow (D:6)
  11 small abominations (Lair:5)
  11 slime creatures
  6 wyverns
  2 ynoxinuls (Lair:5)
  2 wraiths (D:12)
  30 yaks
  Eustachio (D:4)
  A hog (shapeshifter) (Lair:5)
  A human (D:14)
  Grum (D:10)
  5 basilisks
  6 wargs
  3 fire elementals (D:14)
  A chaos spawn (Lair:5)
  Menkaure (D:5)
  2 vampire mosquitoes (D:13)
  3 acid dragons
  5 hell hounds (D:14)
  16 water moccasins
  20 orc warriors
  A sky beast (D:4)
  2 ice beasts
  A black bear (D:6)
  4 boggarts (D:15)
  A boggart (shapeshifter) (D:14)
  19 ogres
  11 wolves
  11 centaurs
  A phantom (D:4)
  8 kobold brigands
  19 bullfrogs
  3 gnoll sergeants
  4 scorpions
  8 wights
  23 killer bees
  2 electric eels
  6 howler monkeys
  3 vampire bats (D:10)
  5 lava snakes (D:9)
  A bombardier beetle (D:4)
  7 crimson imps (D:7)
  3 hounds
  5 jellies
  9 orc priests
  3 gnoll boudas
  3 iguanas
  A sleepcap (D:6)
  16 orc wizards
  9 adders
  33 gnolls
  A shadow imp (D:7)
  A white imp (D:7)
  3 dart slugs
  2 ribbon worms
  47 orcs
  7 ball pythons
  15 bats
  10 endoplasms
  4 giant cockroaches
  13 hobgoblins
  2 jackals (D:2)
  3 quokkas
  3 frilled lizards (D:2)
  11 goblins
  22 kobolds
  5 rats
  2 boulders (Lair:1)
704 creatures vanquished.

Vanquished Creatures (collateral kills)
  29 boulders
29 creatures vanquished.

Vanquished Creatures (others)
  28 boulders
  84 fulminant prisms
112 creatures vanquished.

Grand Total: 845 creatures vanquished

Notes
Turn   | Place    | Note
-------+----------+-------------------------------------------
     0 | D:1      | Bediveer the Felid Conjurer began the quest for the Orb.
     0 | D:1      | Reached XP level 1. HP: 9/9 MP: 4/4
   255 | D:1      | Reached XP level 2. HP: 13/13 MP: 4/6
   303 | D:1      | Learned a level 2 spell: Searing Ray
   734 | D:1      | Found a faded altar of an unknown god.
   812 | D:1      | Found Mankuaju's Vocational Training.
   817 | D:1      | Reached XP level 3. HP: 16/16 MP: 6/8
  1083 | D:2      | Reached skill level 3 in Spellcasting
  1417 | D:2      | Reached XP level 4. HP: 21/21 MP: 5/9
  1417 | D:2      | Gained a life (2 lives remaining)
  2076 | D:2      | Found Xouvew's General Store.
  2731 | D:3      | Reached XP level 5. HP: 24/24 MP: 8/11
  2801 | D:3      | Learned a level 4 spell: Fulminant Prism
  2897 | D:3      | Found Bepn's Armour Emporium.
  3469 | D:4      | Noticed an ice beast
  3477 | D:4      | HP: 1/24 [ice beast (11)]
  3483 | D:4      | Slain by an ice beast
  3483 | D:4      | Lost a life (1 life remaining)
  3576 | D:4      | Succumbed to a scorpion's poison
  3576 | D:4      | Lost a life (0 lives remaining)
  3577 | D:4      | Reached skill level 4 in Spellcasting
  3577 | D:4      | Reached skill level 5 in Conjurations
  3577 | D:4      | Reached skill level 1 in Alchemy
  3670 | D:4      | Noticed a sky beast
  3684 | D:4      | Killed a sky beast
  3685 | D:4      | Gained mutation: You are covered in thick fur. (AC +2)
                  | [Felid growth]
  3685 | D:4      | Reached XP level 6. HP: 28/28 MP: 3/13
  3949 | D:4      | Got Sif Muna's Discursus on the Quake and Rime
  4204 | D:4      | Killed an ice beast
  4205 | D:4      | Reached XP level 7. HP: 32/32 MP: 6/15
  4205 | D:4      | Gained a life (1 life remaining)
  4458 | D:4      | Slain by a gnoll
  4458 | D:4      | Lost a life (0 lives remaining)
  4523 | D:4      | Reached skill level 5 in Spellcasting
  4588 | D:5      | Entered Level 5 of the Dungeon
  4588 | D:5      | Noticed Eustachio
  4588 | D:5      | Noticed a hornet
  4991 | D:4      | Killed Eustachio
  5078 | D:5      | Noticed Menkaure
  5193 | D:5      | Reached XP level 8. HP: 33/36 MP: 8/17
  5337 | D:5      | Killed Menkaure
  5517 | D:5      | Found a staircase to the Ecumenical Temple.
  5524 | D:5      | Killed a hornet
  5525 | D:5      | Reached skill level 6 in Spellcasting
  5800 | Temple   | Entered the Ecumenical Temple
  5815 | Temple   | Became a worshipper of Vehumet
  5971 | D:6      | Reached skill level 5 in Alchemy
  6290 | D:6      | Reached skill level 7 in Spellcasting
  6290 | D:6      | Reached XP level 9. HP: 39/39 MP: 20/20
  6295 | D:6      | Learned a level 4 spell: Iskenderun's Mystic Blast
  6344 | D:6      | Reached skill level 1 in Translocations
  6457 | D:6      | Reached * piety under Vehumet
  6457 | D:6      | Offered knowledge of Sandblast by Vehumet.
  6458 | D:6      | Reached skill level 1 in Fighting
  6460 | D:6      | Learned a level 1 spell: Sandblast
  6862 | D:7      | Identified the +8 chain mail of Distant Shores {+Blink}
  7359 | D:7      | Found a shimmering blue altar of Sif Muna.
  7499 | D:7      | Reached ** piety under Vehumet
  7499 | D:7      | Offered knowledge of Mercury Vapours by Vehumet.
  7837 | D:7      | Reached skill level 5 in Translocations
  8070 | D:8      | Reached skill level 8 in Spellcasting
  8345 | D:8      | Reached XP level 10. HP: 44/49 MP: 20/23
  8345 | D:8      | Gained a life (1 life remaining)
  8412 | D:8      | Found a runed translucent gate.
  8420 | D:8      | Found a runed translucent gate.
  8420 | D:8      | Noticed Bediveer's ghost (novice GrCj)
  8421 | D:8      | Found a runed translucent gate.
  8837 | D:8      | Reached skill level 1 in Earth Magic
  8844 | D:8      | Offered knowledge of Mephitic Cloud by Vehumet.
  9545 | D:9      | Noticed a centaur warrior
  9554 | D:9      | Reached *** piety under Vehumet
  9554 | D:9      | Killed a centaur warrior
  9882 | D:9      | Offered knowledge of Brom's Barrelling Boulder by Vehumet.
  9889 | D:9      | Learned a level 4 spell: Brom's Barrelling Boulder
  9903 | D:9      | Reached skill level 9 in Spellcasting
  9990 | D:9      | Found the +3 pair of gauntlets of War {Slay+5}
 10220 | D:9      | Noticed a two-headed ogre
 10226 | D:9      | Killed a two-headed ogre
 10386 | D:10     | Entered Level 10 of the Dungeon
 10760 | D:10     | Found a flagged portal.
 10769 | Bailey   | Entered a bailey
 10779 | Bailey   | Learned a level 3 spell: Frozen Ramparts
 10786 | Bailey   | Learned a level 6 spell: Permafrost Eruption
 10838 | Bailey   | Reached **** piety under Vehumet
 10839 | Bailey   | Noticed an orc knight
 10846 | Bailey   | Killed an orc knight
 10847 | Bailey   | Reached XP level 11. HP: 54/54 MP: 20/25
 10849 | Bailey   | Reached skill level 1 in Ice Magic
 11037 | Bailey   | Reached skill level 5 in Dodging
 11054 | Bailey   | Offered knowledge of Airstrike by Vehumet.
 11253 | Bailey   | Found a bloodstained altar of Trog.
 11261 | Bailey   | Gained mutation: You are agile. (Dex +4, Str/Int -1)
                  | [potion of mutation]
 11261 | Bailey   | Gained mutation: You are very agile. (Dex +8, Str/Int -2)
                  | [potion of mutation]
 11261 | Bailey   | Lost mutation: You are very agile. (Dex +8, Str/Int -2)
                  | [potion of mutation]
 11261 | Bailey   | Gained mutation: You are partially covered in iridescent
                  | scales. (AC +2) [potion of mutation]
 11776 | D:10     | Noticed Grum
 11786 | D:10     | Killed Grum
 12335 | D:11     | Noticed a boulder beetle
 12387 | D:11     | Reached skill level 10 in Conjurations
 12387 | D:11     | Reached skill level 5 in Earth Magic
 12606 | D:11     | Reached ***** piety under Vehumet
 12677 | D:11     | Offered knowledge of Freezing Cloud by Vehumet.
 12689 | D:11     | Killed a boulder beetle
 12698 | D:11     | Noticed a two-headed ogre
 13185 | D:11     | Found a staircase to the Lair.
 13218 | D:11     | Killed a two-headed ogre
 13475 | D:11     | Found a staircase to the Orcish Mines.
 13629 | D:12     | Noticed a boulder beetle
 13636 | D:12     | Noticed a skeletal warrior
 13711 | D:11     | Learned a level 5 spell: Freezing Cloud
 13730 | Lair:1   | Entered Level 1 of the Lair of Beasts
 13730 | Lair:1   | Found a gate leading to a gauntlet.
 13744 | Gauntlet | Entered a Gauntlet
 13744 | Gauntlet | Found a transporter.
 13769 | Gauntlet | Noticed a shining eye
 13785 | Gauntlet | Found a transporter.
 13788 | Gauntlet | Found a transporter.
 13789 | Gauntlet | Found a transporter.
 13791 | Gauntlet | Noticed a soul eater
 13798 | Gauntlet | Found a transporter.
 13800 | Gauntlet | Found a transporter.
 13801 | Gauntlet | Found a transporter.
 13805 | Gauntlet | Noticed a lightning spire
 13807 | Gauntlet | Noticed a lightning spire
 13812 | Gauntlet | Found a transporter.
 13813 | Gauntlet | Found a transporter.
 13814 | Gauntlet | Found a transporter.
 13820 | Gauntlet | Noticed an obsidian statue
 13822 | Gauntlet | Found a transporter.
 13825 | Gauntlet | Found a transporter.
 13826 | Gauntlet | Found a transporter.
 13843 | Gauntlet | Found a transporter.
 13871 | Gauntlet | Found a runed translucent door.
 14044 | Gauntlet | Killed a shining eye
 14045 | Gauntlet | Reached skill level 1 in Air Magic
 14155 | Gauntlet | Noticed a minotaur
 14165 | Gauntlet | Killed a minotaur
 14166 | Gauntlet | Reached skill level 10 in Spellcasting
 14166 | Gauntlet | Reached skill level 5 in Ice Magic
 14306 | Gauntlet | Identified the +1 plate armour of Kocaj {Will++}
 14307 | Gauntlet | Got the Vellum of Ill-boding Voltage
 14310 | Gauntlet | Got Mesesm's Essays on Ice
 14447 | Lair:1   | Gained mutation: Your thick and shaggy fur keeps you warm.
                  | (AC +3, rC+) [Felid growth]
 14447 | Lair:1   | Reached XP level 12. HP: 59/59 MP: 23/27
 15007 | Lair:1   | Noticed a boulder beetle
 15033 | Lair:1   | Mangled by a boulder beetle
 15033 | Lair:1   | Lost a life (0 lives remaining)
 15315 | Lair:1   | Killed a boulder beetle
 16596 | Lair:2   | Noticed Gastronok
 16606 | Lair:2   | Killed Gastronok
 17327 | Lair:2   | Noticed Sonja
 17329 | Lair:2   | Killed Sonja
 17817 | Lair:3   | Noticed a death yak
 17824 | Lair:3   | Noticed a death yak
 17844 | Lair:3   | Found a staircase to the Snake Pit.
 17853 | Lair:2   | Killed a death yak
 18023 | Lair:3   | Reached XP level 13. HP: 63/63 MP: 26/28
 18023 | Lair:3   | Gained a life (1 life remaining)
 18094 | Lair:3   | Found a staircase to the Shoals.
 18687 | Lair:3   | Reached skill level 11 in Spellcasting
 18829 | Lair:3   | Noticed Fannar
 18838 | Lair:3   | Killed Fannar
 19207 | Lair:4   | Offered knowledge of Arcjolt by Vehumet.
 19693 | Lair:4   | Found a staircase to the Slime Pits.
 19694 | Lair:4   | Found a viscous altar of Jiyva.
 19709 | Lair:4   | Mangled by an eight-headed hydra
 19709 | Lair:4   | Lost a life (0 lives remaining)
 19710 | Lair:4   | Upgraded the game from 0.32-a0-995-gb4a59205af to
                  | 0.32-a0-996-gb3226c233f
 19884 | Lair:4   | Reached skill level 10 in Earth Magic
 20385 | Lair:4   | Reached skill level 10 in Ice Magic
 20468 | Lair:4   | Reached skill level 5 in Fighting
 21091 | Lair:5   | Entered Level 5 of the Lair of Beasts
 21140 | Lair:5   | Reached XP level 14. HP: 68/68 MP: 8/30
 21387 | Lair:5   | Reached skill level 12 in Spellcasting
 22636 | Lair:5   | Offered knowledge of Bombard by Vehumet.
 22864 | Lair:4   | Learned a level 6 spell: Bombard
 23471 | Lair:5   | Found a runed translucent gate.
 23471 | Lair:5   | Found a runed translucent gate.
 24401 | Lair:5   | Found a corrupted altar of Lugonu.
 24401 | Lair:5   | Found a one-way gate to the infinite horrors of the Abyss.
 24565 | Lair:5   | Found a runed translucent gate.
 24566 | Lair:5   | Noticed an acid blob
 24566 | Lair:5   | Noticed an acid blob
 24566 | Lair:5   | Noticed jasper's ghost (journeyman DsBe)
 24566 | Lair:5   | Noticed an acid blob
 24566 | Lair:5   | Noticed an azure jelly
 24566 | Lair:5   | Noticed an azure jelly
 24566 | Lair:5   | Noticed an azure jelly
 24568 | Lair:5   | Noticed an azure jelly
 24568 | Lair:5   | Noticed an acid blob
 24574 | Lair:5   | Found a viscous altar of Jiyva.
 24918 | Orc:1    | Entered Level 1 of the Orcish Mines
 24950 | Orc:1    | Noticed Harold
 25190 | Orc:1    | Killed Harold
 25593 | Orc:1    | Found Qocroph's Magic Scroll Shoppe.
 25622 | Orc:1    | Bought a scroll of amnesia for 48 gold pieces
 25622 | Orc:1    | Bought a scroll of amnesia for 48 gold pieces
 25633 | Orc:1    | Learned a level 8 spell: Fulsome Fusillade
 25695 | Orc:2    | Entered Level 2 of the Orcish Mines
 25719 | Orc:2    | Noticed Snorg
 25731 | Orc:2    | Killed Snorg
 25761 | Orc:2    | Reached XP level 15. HP: 75/75 MP: 5/32
 26219 | Orc:2    | Found Yrhayf Manua's Armour Shop.
 26219 | Orc:2    | Found Xeolohel's Assorted Antiques.
 26219 | Orc:2    | Found Boro's Antique Armour Shoppe.
 26220 | Orc:2    | Found a staircase to the Elven Halls.
 26412 | Orc:2    | Offered knowledge of Eringya's Noxious Bog by Vehumet.
 26464 | Orc:2    | Found Nemaemp Gaorch's Book Emporium.
 26541 | Orc:2    | Found Fuilytat's Assorted Antiques.
 26554 | Orc:2    | Bought a tubular garnet ring for 165 gold pieces
 26565 | Orc:2    | Bought a potion of heal wounds for 110 gold pieces
 26565 | Orc:2    | Bought a potion of curing for 66 gold pieces
 26855 | Orc:2    | Found Yfuphuku's Gadget Gallery.
 27006 | Orc:2    | Bought a Gell's gravitambourine (2/2) for 640 gold pieces
 27006 | Orc:2    | Bought a sack of spiders for 640 gold pieces
 27131 | D:12     | HP: 2/77 [skeletal warrior/+0 trident (13)]
 27139 | D:11     | Reached skill level 13 in Spellcasting
 27609 | D:12     | Reached skill level 10 in Dodging
 27615 | D:12     | Reached skill level 1 in Evocations
 27768 | D:12     | Found Foigis's Antique Weapon Shop.
 29278 | D:13     | Found an ornate altar of the Wu Jian Council.
 29487 | D:14     | Noticed Azrael
 29492 | D:14     | Killed Azrael
 29939 | D:14     | Found a hide-covered altar of Uskayaw.
 31107 | D:14     | Found a gate to the Vaults.
 31202 | D:15     | Entered Level 15 of the Dungeon
 31432 | D:15     | Noticed Roxanne
 31445 | D:15     | Shot with an arrow by a centaur warrior

Illustrated notes

Levels and vault maps discovered:
D:1:      dpeg_arrival_arbitrary_c, layout_basic,
          nicolae_ecumenical_lake_church, minmay_misc_feat_pillars,
          st_stairs_13, nicolae_shop_vocational
D:2:      minmay_inner_zag, layout_basic, serial_shops, shop,
          nrook_loot_triangle, minmay_misc_feat_nine_boxes, minmay_vboxes
D:3:      layout_basic, serial_shops, shop
D:4:      layout_basic
D:5:      layout_rooms, minmay_temple_entry_sparse_star, portal_sewer_entry_d,
          chequers_hall_statues_corner_a, serial_library_hellmonk_angled_corner,
          uniq_menkaure, uniq_eustachio
D:6:      layout_basic
D:7:      layout_loops_ring, nicolae_sif_muna_condensation, minmay_nine_imps
D:8:      layout_loops_cross, gammafunk_ghost_nasty_kobolds
D:9:      kennysheep_big_flooded_room, layout_rooms, kennysheep_boxes
D:10:     layout_gridville, enter_bailey_5, roderic_batcave, uniq_grum
D:11:     layout_cave_pods, minmay_lair_entry_grove, david_orc_4
D:12:     layout_loops_ring, serial_shops, shop
D:13:     layout_loops_cross, nzn_wu_jian_council_hall
D:14:     layout_loops_ring, grunt_vaults_entry_fortified,
          nicolae_uskayaw_en_pointe, minmay_misc_feat_ornament,
          minmay_door_square, uniq_azrael
D:15:     hangedman_depths_entry_try_elsewhere_first, layout_cave_pools,
          uniq_roxanne
Temple:   compressed_dpeg_triangle_lava_temple
Lair:1:   layout_cave_pods, gauntlet_entry_generic, nzn_sisyphean_effort,
          grunt_megastairs_2, lemuel_fruit_tree
Lair:2:   layout_hall_layers, grunt_megastairs_3, uniq_sonja, uniq_gastronok
Lair:3:   layout_regular_city, minmay_shoals_entry_centaurs, dummy_snake_entry,
          nicolae_volcano_entry_hallway, nicolae_quartered_pool_little,
          grunt_forest_large_clearing_hut, lemuel_fruit_fields, uniq_fannar
Lair:4:   layout_regular_city, nicolae_slime_entry_slimehenge,
          grunt_megastairs_5, infiniplex_staircase_pool
Lair:5:   hellmonk_lair_end_abyssal_woods, layout_loops_ring,
          gammafunk_ghost_ooze, grunt_megastairs_4
Orc:1:    layout_diamond_mine, serial_shops, nicolae_shop_stone, uniq_harold
Orc:2:    st_orc_open, layout_caves, serial_shops, shop, nicolae_shop_gadgets,
          uniq_snorg

Skill      XL: |  1  2  3  4  5  6  7  8  9 10 11 12 13 14 15 |
---------------+----------------------------------------------+-----
Conjurations   | 4 5 6 7 8 9 10 11 12 | 12.3
Spellcasting   | 3 4 5 7 8 9 10 11 12 13 | 13.2
Alchemy        | 1 2 3 5 7 8 |  8.9
Translocations | 5 |  5.0
Fighting       | 3 4 5 7 8 |  8.5
Dodging        | 4 5 6 9 10 | 10.7
Earth Magic    | 4 6 8 10 | 10.0
Ice Magic      | 5 7 10 | 10.0
Air Magic      | 2 4 |  4.0
Evocations     | 3 |  3.1
Stealth        | |  2.6

Action                     |  1- 3 |  4- 6 |  7- 9 | 10-12 | 13-15 || total
---------------------------+-------+-------+-------+-------+-------++-------
  Melee: Unarmed           |       |       |     2 |     7 |    17 ||    26
         Bite              |       |       |       |     1 |     3 ||     4
   Cast: Magic Dart        |    73 |   100 |   123 |    88 |    10 ||   394
         Searing Ray       |     1 |    20 |    60 |    55 |     5 ||   141
         Fulminant Prism   |       |       |     9 |    73 |     2 ||    84
         Iskenderun's Myst |       |       |     2 |    78 |   147 ||   227
         Brom's Barrelling |       |       |       |    67 |    23 ||    90
         Frozen Ramparts   |       |       |       |    11 |    20 ||    31
         Sandblast         |       |       |       |    18 |       ||    18
         Freezing Cloud    |       |       |       |    22 |    94 ||   116
         Permafrost Erupti |       |       |       |     3 |    86 ||    89
         Bombard           |       |       |       |       |   110 ||   110
         Fulsome Fusillade |       |       |       |       |     1 ||     1
  Evoke: Wand              |       |       |       |    20 |     8 ||    28
    Use: Scroll            |       |    10 |     1 |    11 |    12 ||    34
         Potion            |       |     1 |     2 |     2 |     1 ||     6
 Armour: Skin              |     3 |    12 |    31 |    65 |    71 ||   182
  Dodge: Dodged            |    10 |    19 |    90 |   163 |   146 ||   428

Table legend: (Time is in decaauts)
 A = Elapsed time spent in this place.
 B = Non-inter-level travel time spent in this place.
 C = Inter-level travel time spent in this place.
 D = Time resting spent in this place.
 E = Time spent auto-exploring this place.
 F = Levels seen in this place.
 G = Mean time per level.
                   A        B        C        D        E       F      G
               +--------+--------+--------+--------+--------+-----+--------+
         Total |  31503 |  30258 |   1245 |   3900 |  22428 |  25 | 1260.1 |
       Dungeon |  18034 |  17273 |    761 |   1265 |  13979 |  15 | 1202.3 |
        Temple |     30 |      1 |     29 |      0 |      0 |   1 |   30.0 |
          Lair |  10340 |   9994 |    346 |   2260 |   6420 |   5 | 2068.0 |
  Orcish Mines |   1930 |   1823 |    107 |    368 |   1238 |   2 |  965.0 |
        Bailey |    557 |    557 |      0 |      7 |    386 |   1 |  557.0 |
      Gauntlet |    609 |    609 |      0 |      0 |    405 |   1 |  609.0 |
               +--------+--------+--------+--------+--------+-----+--------+

Top non-repeatable levels by time:
  Lair:4: 3184 daAuts
    D:11: 2278 daAuts
  Lair:5: 2216 daAuts
  Lair:1: 2185 daAuts
    D:14: 1881 daAuts
  Lair:3: 1715 daAuts
     D:4: 1698 daAuts
     D:2: 1457 daAuts
     D:8: 1345 daAuts
    D:10: 1338 daAuts
     D:7: 1223 daAuts
   Orc:1: 1170 daAuts
    D:13: 1098 daAuts
  Lair:2: 1038 daAuts
     D:9: 994 daAuts
